 Dungeon Crawl Stone Soup version 0.17.1-3-g152610e (webtiles) character file.

34 juanjsm the Stinger (level 3, 0/16 HPs)
             Began as a Spriggan Venom Mage on Apr 20, 2016.
             Slain by Purgy (1 damage)
             ... on level 3 of the Dungeon.
             The game lasted 00:07:09 (1441 turns).

juanjsm the Stinger (Spriggan Venom Mage)           Turns: 1441, Time: 00:07:10

Health: 0/16       AC:  2    Str:  4    XL:     3   Next: 14%
Magic:  7/8        EV: 16    Int: 17    God:
Gold:   22         SH:  0    Dex: 16    Spells: 2 memorised, 5 levels left

rFire  . . .     SeeInvis +     p - +2 dagger (freeze)
rCold  . . .     Clarity  .     a - +0 robe
rNeg   . . .     SustAt   .     (shield restricted)
rPois  +         Gourm    .     (helmet restricted)
rElec  .         Spirit   .     (no cloak)
rCorr  .         Warding  .     (gloves unavailable)
rMut   .         Stasis   .     (boots unavailable)
MR     .....                    (no amulet)
Stlth  +++.......               u - -2 ring of evasion (curse)
                                j - ring of poison resistance

@: very quick, not resistant to hostile enchantments, fairly stealthy
A: unfitting armour, see invisible, herbivore 3, speed 3, slow metabolism 2
a: no special abilities


You were on level 3 of the Dungeon.
You were not hungry.

You visited 1 branch of the dungeon, and saw 3 of its levels.

You collected 22 gold pieces.

Inventory:

Hand Weapons
 f - a +0 hunting sling of flaming
 p - a +2 dagger of freezing (weapon)
Missiles
 o - 36 stones (quivered)
 t - 16 sling bullets
Armour
 a - a +0 robe (worn)
 i - a +0 buckler
Jewellery
 j - a ring of poison resistance (left hand)
 u - a cursed -2 ring of evasion (right hand)
Scrolls
 e - 2 scrolls of identify {unknown}
 h - a scroll of blinking {unknown}
 k - 2 scrolls of recharging {unknown}
 l - a scroll of noise {unknown}
 r - a scroll of teleportation {unknown}
 s - a scroll of fear {unknown}
Potions
 d - a potion of ambrosia {unknown}
 g - 2 potions of lignification {unknown}
 m - a potion of heal wounds {unknown}
 n - a potion of brilliance {unknown}
 q - a potion of flight {unknown}
Books
 b - a Young Poisoner's Handbook

   Spells                             Type                      Level
   a - Sting                          Conjuration/Poison           1
   b - Cure Poison                    Poison                       2
   c - Mephitic Cloud                 Conjuration/Poison/Air       3
   d - Olgreb's Toxic Radiance        Poison                       4
   e - Venom Bolt                     Conjuration/Poison           5
Comestibles
 c - 2 bread rations


   Skills:
 + Level 0.1 Fighting
 + Level 0.4 Short Blades
 + Level 3.4 Dodging
 + Level 3.2 Stealth
 + Level 3.0 Spellcasting
 + Level 0.2 Conjurations
 + Level 4.5 Poison Magic


You had 5 spell levels left.
You knew the following spells:

 Your Spells              Type           Power        Failure   Level  Hunger
a - Sting                 Conj/Pois      ##..         10%         1    None
b - Cure Poison           Pois           ###.......   4%          2    ##.....


Dungeon Overview and Level Annotations

Branches:
Dungeon (3/15)

Altars:

Annotations:
D:3 Purgy


Innate Abilities, Weirdness & Mutations

You are tiny and cannot use many weapons and most armour.
You have supernaturally acute eyesight.
You are a herbivore.
You cover ground extremely quickly.
You need consume almost no food.


Message History

You don't know that spell.
Unknown command.
Unknown command.
Unknown command.
You can't go up here!
Unknown command.
Unknown command.
Casting: Sting
Confirm with . or Enter, or press ? or * to list all spells.
Aiming: Sting
Press: ? - help, Shift-Dir - straight line, f - Purgy
Aim: Purgy (severely wounded)
The sting hits Purgy.
Purgy is poisoned.
Purgy is almost dead.
Purgy bites you!
* * * LOW HITPOINT WARNING * * *
Purgy claws you.
* * * LOW HITPOINT WARNING * * *
Purgy claws you.
You die...

#.# #.# #.#
#.# #.# #.#
#.## #<.####
......
#..@T.#
......
....>.....#
.....
....#.....#
...#
.....s.....#
..###
.?#...######
....# . ##.>
...## #.#
....# #.
....#


You could see Purgy and a giant cockroach.

Vanquished Creatures
  5 bats
  5 goblins
  8 hobgoblins
  A quokka (D:2)
  3 giant cockroaches
  A giant newt (D:1)
  4 kobolds (D:1)
  A rat (D:1)
28 creatures vanquished.

Notes
Turn   | Place    | Note
--------------------------------------------------------------
     0 | D:1      | juanjsm the Spriggan Venom Mage began the quest for the Orb.
     0 | D:1      | Reached XP level 1. HP: 9/9 MP: 5/5
   399 | D:1      | Reached XP level 2. HP: 4/13 MP: 0/6
   406 | D:1      | Learned a level 2 spell: Cure Poison
  1239 | D:2      | Reached XP level 3. HP: 12/16 MP: 5/8
  1435 | D:3      | Noticed Purgy
  1441 | D:3      | Slain by Purgy

Action                   || total
-------------------------++-------
Melee: Dagger            ||    54
       Unarmed           ||    10
 Cast: Sting             ||    45
 Stab: Sleeping          ||     5
